 Dungeon Crawl Stone Soup version 0.31.0-11-ge490571c62 (webtiles) character file.

Game seed: 10334223192352107947

9 browni3141 the Conjurer (level 2, 19/19 HPs)
             Began as a Demonspawn Conjurer on Jan 30, 2024.
             Got out of the dungeon alive.
             The game lasted 00:00:21 (645 turns).

browni3141 the Conjurer (Demonspawn Conjurer)        Turns: 645, Time: 00:00:21

Health: 19/19      AC:  2    Str:  7    XL:     2   Next: 3%
Magic:  5/5        EV: 12    Int: 18    God:
Gold:   21         SH:  0    Dex: 11    Spells: 4/5 levels left

rFire   . . .        (no weapon)
rCold   . . .        (no shield)
rNeg    . . .        a - +0 robe
rPois   .            (no helmet)
rElec   .            (no cloak)
rCorr   .            (no gloves)
SInv    .            (no boots)
Will    .....        (no amulet)
Stlth   ++           (no ring)
HPRegen 0.23/turn    (no ring)
MPRegen 0.18/turn

%: no passive effects
@: no status effects
A: magic regeneration
a: no special abilities


You escaped.
You visited 1 branch of the dungeon, and saw 1 of its levels.

You collected 21 gold pieces.

Inventory:

Armour
 a - a +0 robe (worn)
Jewellery
 d - a +5 ring of evasion
Potions
 b - a potion of magic
 c - a potion of haste {unknown}
 e - a potion of curing {unknown}


   Skills:
 + Level 2.0 Dodging
 + Level 2.0 Stealth
 + Level 2.1 Spellcasting
 + Level 4.1 Conjurations


You had 4 spell levels left.
You knew the following spells:

 Your Spells              Type           Power      Damage    Failure   Level
a - Magic Dart            Conj           64%        1d6       3%          1

Your spell library contained the following spells:

 Spells                   Type           Power      Damage    Failure   Level
 Searing Ray              Conj           32%        2d5       4%          2
 Static Discharge         Conj/Air       18%        3-4/arc   12%         2
 Fulminant Prism          Conj/Alch      4%         3d5       58%         4
 Iskenderun's Mystic Bla  Conj/Tloc      9%         2d4       58%         4
 Airstrike                Air            0%         2d(1-17)  87%         4
 Summon Lightning Spire   Summ/Air       1%         N/A       87%         4


Dungeon Overview and Level Annotations

Branches:
Dungeon (1/15)

Altars:


Innate Abilities, Weirdness & Mutations

You regenerate magic rapidly.


Message History

Ran out of altars for temple! x3
Welcome, browni3141 the Demonspawn Conjurer.
The fabulous Orb of Zot lies far below, as if waiting for you to find it.
Press ? for a list of commands and other information.
Found a bubbling black potion.
Found a staircase leading out of the dungeon.
Setting a skill training target for Axes at 18.0.
Setting a skill training target for Invocations at 14.0.
Setting a skill training target for Throwing at 11.0.
A jackal comes into view.
Found an escape hatch in the floor.
You see here a bubbling black potion.
A jackal is nearby!
A jackal is nearby!
The magic dart hits the jackal.
The jackal is heavily wounded.
The jackal barks!
The magic dart hits the jackal.
You kill the jackal!
You can't see any susceptible monsters within range! (Use Z to cast anyway.) Magic restored.
c - a bubbling black potion You pick up a book of Storms and begin reading...
You add the spells Static Discharge, Airstrike and Summon Lightning Spire to your library.
You can't see any susceptible monsters within range! (Use Z to cast anyway.)
You can't see any susceptible monsters within range! (Use Z to cast anyway.)
You see here a +0 robe.
A hobgoblin comes into view.
A hobgoblin is nearby!
The magic dart hits the hobgoblin.
The hobgoblin is almost dead.
The hobgoblin shouts!
The magic dart hits the hobgoblin.
You kill the hobgoblin!
You can't see any susceptible monsters within range! (Use Z to cast anyway.)
You open the door.
There is an open door here.
d - a +5 ring of evasion You open the door.
There is an open door here.
e - a brown potion You can't see any susceptible monsters within range! (Use Z to cast anyway.)
You now have 7 gold pieces.
A hobgoblin comes into view.
The magic dart hits the hobgoblin.
The hobgoblin is severely wounded.
The hobgoblin shouts!
The magic dart hits the hobgoblin.
You kill the hobgoblin!
You can't see any susceptible monsters within range! (Use Z to cast anyway.)
Found a stone staircase leading down.
There is a stone staircase leading down here.
A goblin comes into view. It is wielding a +0 club.
The magic dart hits the goblin.
You kill the goblin!
You can't see any susceptible monsters within range! (Use Z to cast anyway.)
You can't see any susceptible monsters within range! (Use Z to cast anyway.)
A goblin comes into view. It is wielding a +0 club.
The magic dart hits the goblin.
You kill the goblin!
Your Stealth skill increases to level 2!
You can't see any susceptible monsters within range! (Use Z to cast anyway.)
You can't see any susceptible monsters within range! (Use Z to cast anyway.)
You see here a +0 club.
You now have 21 gold pieces (gained 14).
You open the door.
There is an open door here.
A rat comes into view.
The rat squeaks loudly.
A rat is nearby!
The magic dart hits the rat.
The rat is moderately wounded.
The magic dart hits the rat.
You kill the rat!
Your Dodging skill increases to level 2!
You open the door.
There is an open door here.
Found a stone staircase leading down.
There is a stone staircase leading down here.
You see here a +0 sling.
You see here a +0 club.
An endoplasm comes into view.
An endoplasm is nearby!
The magic dart hits the endoplasm.
The endoplasm is heavily wounded.
The endoplasm quivers.
The magic dart hits the endoplasm.
You kill the endoplasm!
You have reached level 2!
Your demonic ancestry asserts itself...
Your magic begins to regenerate rapidly.
You see here a +0 club.
There is a stone staircase leading down here.
You open the door.
There is an open door here.
There is an open door here.
You see here a +0 robe.
You see here 6 poisoned darts.
There is a staircase leading out of the dungeon here.
You have escaped!

....
#..........###.#.... .
#.#################.
#.##..##..##...##...
#.#..#..###.#.≈#..##.
#.##≈≈##...###..§.###
###§##.####.##.≈≈####
###.#..#...#.#.≈##....
#.#.######..#.#≈..###.
#.#.#@...####.#.##§##.
#
##.##....###.####.#§#.
# ####..##.#..≈#.#.#.#.
########
######..#.#.###(#.#.##.
.......#
#≈.≈..##.####..#####.#.
######.#
#.>...##.#.....#..#..#.
#.#
#.≈≈..##..≈.#.#.#....##
#.#
######################
##.## #...##.#


There were no monsters in sight!

Vanquished Creatures
  An endoplasm (D:1)
  2 goblins (D:1)
  2 hobgoblins (D:1)
  A jackal (D:1)
  A rat (D:1)
7 creatures vanquished.

Notes
Turn   | Place    | Note
-------+----------+-------------------------------------------
     0 | D:1      | browni3141 the Demonspawn Conjurer began the quest for the
                  | Orb.
     0 | D:1      | Reached XP level 1. HP: 13/13 MP: 3/3
   541 | D:1      | Gained mutation: You regenerate magic rapidly. [demonic
                  | ancestry]
   541 | D:1      | Reached XP level 2. HP: 19/19 MP: 1/5
   645 | D:$      | Got out of the dungeon alive.

Illustrated notes

Levels and vault maps discovered:
D:1:      dpeg_arrival_brainrot, layout_loops_corners

Skill      XL: |  1 |
---------------+----+-----
Stealth        | 2 |  2.0
Dodging        | 2 |  2.0
Spellcasting   | |  2.1
Conjurations   | |  4.1

Action                     || total
---------------------------++-------
   Cast: Magic Dart        ||    12
